 Dungeon Crawl Stone Soup version 0.25-a0-353-ged6d54792d (webtiles) character file.

Game seed: 11113196077640537550, levelgen mode: deterministic

2468 night the Cleaver (level 9, 0/72 HPs)
             Began as a Formicid Fighter on Jan 2, 2020.
             Was a Priest of Okawaru.
             Killed from afar by an efreet (29 damage)
             ... with a bolt of fire
             ... on level 14 of the Dungeon.
             The game lasted 00:16:27 (7797 turns).

night the Cleaver (Formicid Fighter)                Turns: 7797, Time: 00:16:28

Health: 0/72       AC: 10    Str: 26    XL:     9   Next: 80%
Magic:  9/9        EV:  9    Int: 10    God:    Okawaru [***...]
Gold:   374        SH: 11    Dex: 10    Spells: 8/8 levels left

rFire    . . .     SeeInvis +   a - +0 war axe
rCold    . . .     Gourm    .   c - +0 shield
rNeg     . . .     Faith    .   b - +0 scale mail
rPois    .         Spirit   .   (helmet unavailable)
rElec    .         Reflect  .   C - +0 cloak
rCorr    .         Harm     .   (no gloves)
MR       +....                  y - +0 pair of boots
Stlth    ..........             q - amulet of the acrobat
HPRegen  0.22/turn              n - ring of protection from magic
MPRegen  0.11/turn              I - ring "Vih Apuf" {Str+4 Slay+3 SInv}

@: no status effects
A: permanent stasis, dig shafts and tunnels, four strong arms, antennae 3
a: Dig, Shaft Self, Heroism, Renounce Religion


You were on level 14 of the Dungeon.
You worshipped Okawaru.
Okawaru was most pleased with you.
You were hungry.

You visited 2 branches of the dungeon, and saw 11 of its levels.

You collected 374 gold pieces.

Inventory:

Hand Weapons
 a - a +0 war axe (weapon)
 J - a +0 shortbow
Missiles
 D - 95 arrows
 E - 47 bolts
Armour
 b - a +0 scale mail (worn)
 c - a +0 shield (worn)
 y - a +0 pair of boots (worn)
 C - a +0 cloak (worn)
Jewellery
 n - a ring of protection from magic (left hand)
 q - an amulet of the acrobat (around neck)
 u - an uncursed ring of resist corrosion
 I - the ring "Vih Apuf" (right hand) {Str+4 Slay+3 SInv}
   (You found it on level 5 of the Dungeon)

   [ring of see invisible]

   It affects your strength (+4).
   It affects your accuracy and damage with ranged weapons and melee attacks
   (+3).
   It lets you see invisible.
Wands
 m - a wand of iceblast (18)
 v - a wand of polymorph (8) (quivered)
 w - a wand of flame (21)
 B - a wand of disintegration (10)
 F - a wand of paralysis (33)
 N - a wand of enslavement (11)
Scrolls
 e - a scroll of teleportation
 g - 4 scrolls of identify
 h - 2 scrolls of immolation
 i - 7 scrolls of remove curse
 j - 2 scrolls of blinking
 p - 2 scrolls of amnesia {unknown}
 t - 2 scrolls of random uselessness {unknown}
 x - 2 scrolls of enchant weapon {unknown}
 H - a scroll of enchant armour {unknown}
 M - 4 scrolls of fog {unknown}
Potions
 d - 3 potions of might
 l - 2 potions of curing
 r - 2 potions of heal wounds
 s - 2 potions of mutation {unknown}
 z - a potion of resistance {unknown}
 A - a potion of magic
 G - a potion of flight {unknown}
 L - a potion of haste {unknown}
Comestibles
 f - 13 rations


   Skills:
 + Level 7.2 Fighting
 * Level 8.6 Axes
 - Level 5.8 Armour
 + Level 7.9 Shields


You had 8 spell levels left.
You didn't know any spells.
Your spell library was empty.

Dungeon Overview and Level Annotations

Branches:
Dungeon (7/15)             Temple (1/1) D:4

Altars:
Ashenzari
Cheibriados
Dithmenos
Elyvilon
Fedhas
Gozag
Hepliaklqana
Kikubaaqudgha
Makhleb
Nemelex Xobeh
Okawaru
Qazlal
Ru
Sif Muna
Trog
Uskayaw
Vehumet
Wu Jian
Xom
Yredelemnul
Zin
The Shining One


Innate Abilities, Weirdness & Mutations

You cannot be hasted, slowed, berserked, paralysed or teleported.
You can dig through walls and to a lower floor.
Your four strong arms can wield two-handed weapons with a shield.
You have a pair of large antennae on your head. (SInv)


Message History

The efreet is lightly wounded.
You hit the crimson imp.
The efreet hits you with a +0 scimitar of flaming!
The efreet burns you.
The crimson imp hits you but does no damage.
You barely miss the efreet.
The efreet is lightly wounded.
You closely miss the crimson imp. The efreet closely misses you.
The crimson imp hits you but does no damage.
You slash the efreet!
The efreet is heavily wounded.
You slash the crimson imp!
The crimson imp blinks!
The efreet hits you with a +0 scimitar of flaming!
The efreet burns you.
You are too injured to fight recklessly!
You are too injured to fight recklessly!
You fail to use your ability.
The crimson imp blinks!
The efreet gestures at you. The bolt of fire hits you!!
You die...

....... #.
....... #.
.......
#.###.......
#....§......
#.....O...#
#....R....#
#...@§.#
#......#
#......##.#
#5........#
#..........
#....####...
#....# ...
#....# ..
#.....


You could see an efreet, an ogre and a crimson imp.

Vanquished Creatures
  A cyclops (D:13)
  A meliai zombie (D:13)
  A phantom (D:7)
  2 ogres
  A centaur (D:5)
  2 bullfrogs
  4 scorpions
  4 killer bees (D:7)
  4 crimson imps
  A centaur zombie (D:7)
  A quasit (D:6)
  3 hounds
  Crazy Yiuf (D:3)
  4 orc priests
  2 orc wizards
  Natasha (twice) (D:3)
  2 iguanas
  5 worker ants
  A hound skeleton (D:6)
  A howler monkey zombie (D:5)
  8 gnolls
  8 adders
  2 shadow imps
  2 oozes
  4 worms
  2 dart slugs
  8 leopard geckos
  22 orcs
  9 bats
  10 giant cockroaches
  15 goblins
  9 hobgoblins
  15 jackals
  2 quokkas
  3 frilled lizards
  A jackal skeleton (D:5)
  A jackal zombie (D:6)
  6 kobolds
  A quokka skeleton (D:5)
  A quokka zombie (D:6)
  5 rats
177 creatures vanquished.

Notes
Turn   | Place    | Note
-------+----------+-------------------------------------------
     0 | D:1      | night the Formicid Fighter began the quest for the Orb.
     0 | D:1      | Reached XP level 1. HP: 18/18 MP: 1/1
   129 | D:1      | Reached XP level 2. HP: 21/24 MP: 2/2
   288 | D:1      | Reached XP level 3. HP: 29/29 MP: 3/3
   713 | D:2      | Reached XP level 4. HP: 34/37 MP: 4/4
   718 | D:2      | Reached skill level 3 in Axes
  1359 | D:3      | Reached XP level 5. HP: 42/42 MP: 5/5
  1602 | D:3      | Reached XP level 6. HP: 26/48 MP: 6/6
  1613 | D:3      | Noticed Natasha
  1632 | D:3      | Killed Natasha
  1632 | D:3      | Reached skill level 4 in Axes
  1697 | D:3      | Noticed Natasha
  1919 | D:3      | Killed Natasha
  1946 | D:3      | Noticed Natasha
  1949 | D:3      | Noticed Natasha
  1949 | D:3      | Natasha changed into Natasha the worker ant
  1960 | D:3      | Killed Natasha the worker ant
  2335 | D:3      | Found a runed translucent door.
  2336 | D:3      | Noticed Crazy Yiuf
  2758 | D:3      | Reached skill level 5 in Shields
  3081 | D:4      | Found a staircase to the Ecumenical Temple.
  3090 | Temple   | Entered the Ecumenical Temple
  3271 | Temple   | Became a worshipper of Warmaster Okawaru
  3325 | D:4      | Noticed an ogre
  3329 | D:4      | Killed an ogre
  3329 | D:4      | Reached XP level 7. HP: 43/55 MP: 7/7
  4229 | D:3      | Killed Crazy Yiuf
  4229 | D:3      | Reached skill level 5 in Axes
  4411 | D:5      | Entered Level 5 of the Dungeon
  4419 | D:5      | Reached skill level 5 in Fighting
  4700 | D:5      | Reached skill level 5 in Armour
  4995 | D:5      | Reached XP level 8. HP: 52/62 MP: 8/8
  5090 | D:5      | Reached * piety under Okawaru
  5094 | D:5      | Got a glittering steel ring
  5112 | D:5      | Identified the ring "Vih Apuf" {Str+4 Slay+3 SInv} (You
                  | found it on level 5 of the Dungeon)
  5392 | D:5      | Reached skill level 6 in Axes
  6102 | D:6      | Found a bloodstained altar of Trog.
  6905 | D:7      | Reached ** piety under Okawaru
  6939 | D:7      | Reached XP level 9. HP: 66/69 MP: 9/9
  6952 | D:7      | Reached skill level 7 in Axes
  7015 | D:7      | Found a radiant altar of Vehumet.
  7041 | D:7      | Found an ancient bone altar of Kikubaaqudgha.
  7041 | D:7      | Found a shimmering altar of Xom.
  7283 | D:7      | Found an opulent altar of Gozag.
  7393 | D:7      | HP: 1/71 [orc warrior/+2 trident of flaming (4)]
  7394 | D:7      | You fall into a shaft and drop 3 floors!
  7394 | D:10     | Entered Level 10 of the Dungeon
  7395 | D:10     | Found an ornate altar of the Wu Jian Council.
  7405 | D:10     | You fall into a shaft and drop 3 floors!
  7405 | D:13     | Noticed a cyclops
  7407 | D:13     | Noticed a centaur warrior
  7419 | D:13     | Reached skill level 8 in Axes
  7419 | D:13     | Killed a cyclops
  7419 | D:13     | Reached *** piety under Okawaru
  7458 | D:13     | Noticed a centaur warrior
  7463 | D:13     | Noticed a hippogriff
  7470 | D:13     | HP: 2/72 [centaur warrior (7)]
  7471 | D:13     | You fall into a shaft and drop 1 floor!
  7786 | D:14     | Noticed an efreet
  7797 | D:14     | Killed from afar by an efreet

Levels and vault maps discovered:
D:1:      dpeg_arrival_orchard, layout_rooms,
          wander_ebering_terrifying_dragon_lair
D:2:      layout_basic, first_ration
D:3:      layout_rooms, uniq_crazy_yiuf_cottage, uniq_natasha
D:4:      layout_basic, minmay_temple_entry_junction
D:5:      corexii_shack_village, layout_gridville
D:6:      layout_basic, kennysheep_mini
D:7:      layout_gridville, gammafunk_temple_overflow_forgotten,
          grunt_ogre_cave, grunt_gozag_breadcrumbs
D:10:     layout_basic, basic_altar, hangedman_abyss_or_decor_slice,
          nicolae_elemental_shop
D:13:     layout_basic, minmay_strange_pillars
D:14:     layout_stronghold, david_vaults_4, minmay_misc_feat_iff, uniq_rupert
Temple:   eino_narrow_crystal_temple

Skill      XL: |  1  2  3  4  5  6  7  8  9 |
---------------+----------------------------+-----
Shields        | 4 5 6 7 |  7.9
Axes           | 3 4 5 6 8 |  8.6
Fighting       | 4 5 6 7 |  7.2
Armour         | 4 5 |  5.8

Action                   |  1- 3 |  4- 6 |  7- 9 || total
-------------------------+-------+-------+-------++-------
Melee: War axe           |    76 |   254 |   277 ||   607
       Hand axe          |       |       |    17 ||    17
Invok: Heroism           |       |       |     1 ||     1
 Abil: Dig               |       |     1 |     1 ||     2
       Shaft Self        |       |       |     3 ||     3
Evoke: Wand              |       |     3 |       ||     3
  Use: Scroll            |       |       |     7 ||     7
       Potion            |       |       |     6 ||     6
  Eat: Chunk             |       |     7 |    13 ||    20
       Ration            |       |       |     1 ||     1
Armor: Scale mail        |    35 |    82 |   111 ||   228
Dodge: Dodged            |    27 |   106 |   126 ||   259
Block: Shield            |    53 |   139 |   157 ||   349

Table legend:
 A = Non-vault XP
 B = Vault XP
 C = Vault XP percentage of total XP
 D = Non-vault monster count
 E = Vault monster count
 F = Vault count percentage of total count
                 A         B        C        D         E       F
            +---------+---------+-------+---------+---------+-------
      Total |    3309 |     217 |   6.2 |     164 |      13 |   7.3
            +---------+---------+-------+---------+---------+-------
        D:1 |      33 |       3 |   8.3 |      16 |       1 |   5.9
        D:2 |      94 |       0 |   0.0 |      26 |       0 |   0.0
        D:3 |     308 |      76 |  19.8 |      43 |       2 |   4.4
        D:4 |     217 |       0 |   0.0 |      12 |       0 |   0.0
        D:5 |     588 |      16 |   2.6 |      18 |       9 |  33.3
        D:6 |     493 |       0 |   0.0 |      21 |       0 |   0.0
        D:7 |     804 |     122 |  13.2 |      26 |       1 |   3.7
       D:13 |     772 |       0 |   0.0 |       2 |       0 |   0.0
            +---------+---------+-------+---------+---------+-------
